 Dungeon Crawl Stone Soup version 0.31.0-11-ge490571c62 (webtiles) character file.

Game seed: 541538854552379033

991 qw the Skirmisher (level 7, -1/40 HPs)
             Began as a Deep Elf Hunter on Feb 4, 2024.
             Slain by an iguana (9 damage)
             ... on level 5 of the Dungeon.
             The game lasted 00:00:22 (4228 turns).

qw the Skirmisher (Deep Elf Hunter)                 Turns: 4228, Time: 00:00:23

Health: -1/40      AC:  1    Str: 10    XL:     7   Next: 98%
Magic:  9/9        EV: 13    Int: 14    God:
Gold:   193        SH:  5    Dex: 18    Spells: 6/6 levels left

rFire   . . .        o - +0 orcbow
rCold   . . .        (shield currently unavailable)
rNeg    . . .        h - +1 leather armour {rPois}
rPois   +            c - +1 hat {Will+}
rElec   .            (no cloak)
rCorr   .            (no gloves)
SInv    .            (no boots)
Will    +....        i - amulet of reflection
Stlth   ++           (no ring)
HPRegen 0.26/turn    (no ring)
MPRegen 0.11/turn

%: reflection
@: corroded
A: no striking features
a: no special abilities


You were on level 5 of the Dungeon.
You visited 1 branch of the dungeon, and saw 5 of its levels.

You collected 219 gold pieces.
You spent 26 gold pieces at shops.


   Skills:
 + Level 2.5 Fighting
 - Level 12.0 Ranged Weapons
 - Level 4.2 Dodging
 - Level 1.2 Stealth


You had 6 spell levels left.
You didn't know any spells.
Your spell library was empty.

Inventory:

Hand Weapons
 o - a +0 orcbow (weapon)
Armour
 c - a +1 hat of willpower (worn)
 d - a +0 ring mail
 h - a +1 leather armour of poison resistance (worn)
Jewellery
 i - an amulet of reflection (around neck)
Scrolls
 b - 2 scrolls of identify
 g - a scroll of brand weapon {unknown}
 m - a scroll of fear {unknown}
 n - a scroll of fog {unknown}
Potions
 e - a potion of resistance
 f - 2 potions of curing
 j - 3 potions of mutation
 k - a potion of might
 l - a potion of cancellation {unknown}

Dungeon Overview and Level Annotations

Branches:
Dungeon (5/15)
 Temple: D:4-7

Altars:
Qazlal
Ru
Trog

Shops:
D:2 [**[


Message History

Enter note:
Enter note:
Enter note: You shoot an arrow.
The arrow hits the jelly!
The jelly is heavily wounded.
The jelly closely misses you.
You shoot an arrow. The arrow hits the jelly.
The jelly is heavily wounded.
The jelly hits you but does no damage.
You shoot an arrow. The arrow hits the jelly.
The jelly is severely wounded.
The jelly hits you. The acid corrodes you!
You are splashed with acid!
You shoot an arrow. The arrow hits the jelly!
You kill the jelly!
Your Ranged Weapons skill increases to level 12!
You shoot an arrow.
The arrow hits the dart slug but does no damage.
The dart slug launches a dart at you.
You block the slug dart... and reflect it back!
The slug dart hits the dart slug.
You shoot an arrow. The arrow hits the dart slug!
You kill the dart slug!
You shoot an arrow.
The arrow hits the iguana but does no damage.
You shoot an arrow. The arrow barely misses the iguana.
The iguana bites you.
You shoot an arrow. The arrow hits the iguana.
The iguana is lightly wounded.
The iguana hisses menacingly.
The iguana closely misses you.
You shoot an arrow. The arrow hits the iguana.
The iguana is lightly wounded.
The iguana bites you.
You shoot an arrow.
The arrow hits the iguana but does no damage.
The iguana is lightly wounded.
The iguana bites you!
You shoot an arrow. The arrow barely misses the iguana.
The iguana bites you!
You die...

#.#.# #....###.# #..# #.#.##
#....###.####..# ##....#
####..##.......# ###.#####
##.......#..# #..##.[(
#.#...#.#..# #..#?.)..
#.....#.#..# #..#.....###
##.##..#.#...
#..#...).l.####..##..####.#
#..## ##@.......(........
#...#####.....>............
##.............####..###...
##..#.....................
##.#.##.......###)#.#.#.#
######............)..........
#.........#.####..###.#.#.#.#
#.####.#..#.#.##..#.#.#.....#
#.#..#.#.......#.#.#.###


You could see an iguana.

Vanquished Creatures
  An ice beast (D:5)
  A centaur (D:5)
  2 phantoms (D:4)
  A scorpion (D:5)
  A hound (D:5)
  A jelly (D:5)
  3 orc priests (D:5)
  5 iguanas
  Natasha (thrice) (D:4)
  2 orc wizards (D:5)
  4 gnolls (D:4)
  4 adders
  4 ufetubi
  4 dart slugs
  A ribbon worm (D:2)
  13 orcs
  8 endoplasms
  2 giant cockroaches (D:1)
  6 goblins
  7 hobgoblins
  7 jackals
  5 kobolds
  5 quokkas
  7 ball pythons
  5 bats
  3 frilled lizards
  7 rats
112 creatures vanquished.

Notes
Turn   | Place    | Note
-------+----------+-------------------------------------------
     0 | D:1      | qw the Deep Elf Hunter began the quest for the Orb.
     0 | D:1      | Reached XP level 1. HP: 12/12 MP: 3/3
     0 | D:1      | 0 ||| qw: Version: 0.3-a-160-g6735b56
     0 | D:1      | 0 ||| qw: Game counter: 4915
     0 | D:1      | 0 ||| qw: Melee chars always use a shield: true
     0 | D:1      | 0 ||| qw: God list: Okawaru
     0 | D:1      | 0 ||| qw: Allow faded altars: false
     0 | D:1      | 0 ||| qw: Do Orc after clearing Dungeon:15 true
     0 | D:1      | 0 ||| qw: Do second Lair branch before Depths: true
     0 | D:1      | 0 ||| qw: Lair rune preference: random
     0 | D:1      | 0 ||| qw: Goals: Normal
     0 | D:1      | 0 ||| PLANNING D:1-11
   337 | D:1      | Reached XP level 2. HP: 16/16 MP: 4/4
   347 | D:1      | Reached skill level 6 in Ranged Weapons
   736 | D:1      | 736 ||| UPGRADING to +0 ring mail.
   746 | D:1      | 746 ||| DROPPING +0 leather armour.
   747 | D:1      | 747 ||| DROPPING +6 ring of intelligence.
   748 | D:1      | 748 ||| READING scroll labelled KYRINLI COUSM.
   748 | D:1      | Identified a scroll of acquirement
   748 | D:1      | 748 ||| ACQUIRING +1 hat of willpower
   748 | D:1      | Acquired a +1 hat of willpower
   750 | D:1      | 750 ||| UPGRADING to +1 hat of willpower.
   755 | D:1      | 755 ||| DRINKING 2 bubbling pink potions.
   756 | D:1      | 756 ||| DROPPING scroll of butterflies.
   779 | D:2      | 779 ||| STAIRDANCE
   811 | D:2      | 811 ||| STAIRDANCE
   900 | D:2      | Found Sutu's General Store.
   909 | D:2      | 909 ||| SHOPLISTING +2 scale mail of willpower (294 gold,
                  | have 22).
   909 | D:2      | 909 ||| SHOPLISTING potion of curing (42 gold, have 22).
   909 | D:2      | 909 ||| SHOPLISTING potion of heal wounds (70 gold, have
                  | 22).
   909 | D:2      | 909 ||| SHOPLISTING scroll of identify (28 gold, have 22).
   933 | D:2      | Reached XP level 3. HP: 20/20 MP: 5/5
   958 | D:2      | 958 ||| FLEEEEING.
   959 | D:2      | 959 ||| FLEEEEING.
  1017 | D:2      | Reached skill level 7 in Ranged Weapons
  1169 | D:2      | Found Ytemomnegu's General Store.
  1174 | D:2      | 1174 ||| SHOPLISTING +0 pair of gloves (58 gold, have 48).
  1174 | D:2      | 1174 ||| SHOPLISTING potion of heal wounds (65 gold, have
                  | 48).
  1174 | D:2      | 1174 ||| SHOPLISTING ring of protection from fire (325
                  | gold, have 48).
  1174 | D:2      | 1174 ||| BUYING scroll of identify (26 gold).
  1174 | D:2      | Bought a scroll of identify for 26 gold pieces
  1174 | D:2      | 1174 ||| SHOPLISTING wand of paralysis (4) (124 gold, have
                  | 22).
  1218 | D:2      | Found Ekes's Armour Emporium.
  1221 | D:2      | 1221 ||| SHOPLISTING +1 robe "Tesanuec" {rC- Str+4 Dex+6}
                  | (293 gold, have 22).
  1265 | D:2      | Found Qiug's Antique Armour Emporium.
  1274 | D:2      | 1274 ||| SHOPLISTING embroidered scarf (160 gold, have 22).
  1274 | D:2      | 1274 ||| SHOPLISTING glowing robe (74 gold, have 22).
  1373 | D:2      | 1373 ||| UPGRADING to +1 leather armour of poison
                  | resistance.
  1383 | D:2      | 1383 ||| UPGRADING to amulet of reflection.
  1388 | D:2      | 1388 ||| READING 7 scrolls of identify.
  1388 | D:2      | 1388 ||| IDENTIFYING murky inky potion
  1389 | D:2      | 1389 ||| READING 6 scrolls of identify.
  1389 | D:2      | 1389 ||| IDENTIFYING viscous grey potion
  1390 | D:2      | 1390 ||| READING 5 scrolls of identify.
  1390 | D:2      | 1390 ||| IDENTIFYING 2 scrolls labelled JIATUGG NOIPS
  1391 | D:2      | 1391 ||| DROPPING 2 scrolls of revelation.
  1392 | D:2      | 1392 ||| DROPPING potion of berserk rage.
  1645 | D:3      | Reached XP level 4. HP: 17/25 MP: 6/6
  2039 | D:3      | 2039 ||| READING 7 scrolls of identify.
  2039 | D:3      | 2039 ||| IDENTIFYING dark potion
  2040 | D:3      | 2040 ||| READING 6 scrolls of identify.
  2040 | D:3      | 2040 ||| IDENTIFYING fizzy pink potion
  2041 | D:3      | 2041 ||| READING 5 scrolls of identify.
  2041 | D:3      | 2041 ||| IDENTIFYING fuming blue potion
  2042 | D:3      | 2042 ||| READING 4 scrolls of identify.
  2042 | D:3      | 2042 ||| IDENTIFYING 2 glowing puce potions
  2043 | D:3      | 2043 ||| READING 3 scrolls of identify.
  2043 | D:3      | 2043 ||| IDENTIFYING scroll labelled RADA RIUTI
  2044 | D:3      | 2044 ||| READING 2 scrolls of identify.
  2044 | D:3      | 2044 ||| IDENTIFYING scroll labelled OPHUVIPOJE
  2045 | D:3      | 2045 ||| READING scroll of identify.
  2045 | D:3      | 2045 ||| IDENTIFYING 2 scrolls labelled IFUZ ETUTRAATZ
  2046 | D:3      | 2046 ||| READING 3 scrolls labelled VEHEX BOET.
  2047 | D:3      | 2047 ||| DROPPING scroll of poison.
  2048 | D:3      | 2048 ||| DROPPING 2 scrolls of amnesia.
  2049 | D:3      | 2049 ||| DROPPING scroll of immolation.
  2050 | D:3      | 2050 ||| DROPPING potion of lignification.
  2138 | D:4      | Reached skill level 8 in Ranged Weapons
  2264 | D:4      | Reached XP level 5. HP: 27/29 MP: 7/7
  2353 | D:4      | Reached skill level 9 in Ranged Weapons
  2353 | D:4      | 2353 ||| FLEEEEING.
  2400 | D:4      | Found a sacrificial altar of Ru.
  2417 | D:4      | Found a bloodstained altar of Trog.
  2472 | D:4      | Noticed Natasha
  2479 | D:4      | 2479 ||| RETREEEEATING.
  2481 | D:4      | Killed Natasha
  2482 | D:4      | Reached skill level 3 in Dodging
  2636 | D:4      | Noticed a phantom
  2637 | D:4      | 2637 ||| DRINKING potion of haste.
  2650 | D:4      | Killed a phantom
  2651 | D:4      | Reached XP level 6. HP: 30/36 MP: 8/8
  2681 | D:4      | Noticed Natasha
  2690 | D:4      | Killed Natasha
  2939 | D:4      | Noticed Natasha
  2941 | D:4      | 2941 ||| RETREEEEATING.
  2942 | D:4      | 2942 ||| RETREEEEATING.
  2945 | D:4      | 2945 ||| RETREEEEATING.
  2958 | D:4      | Killed Natasha
  3261 | D:5      | Entered Level 5 of the Dungeon
  3292 | D:5      | Reached skill level 10 in Ranged Weapons
  3378 | D:5      | Noticed an ice beast
  3391 | D:5      | Killed an ice beast
  3392 | D:5      | Reached XP level 7. HP: 32/40 MP: 9/9
  3459 | D:5      | 3459 ||| RETREEEEATING.
  3465 | D:5      | HP: 9/40 [orc priest/divine providence (13)]
  3466 | D:5      | 3466 ||| READING 2 scrolls of teleportation.
  3471 | D:5      | Found a stormy altar of Qazlal.
  3471 | D:5      | Noticed a fire elemental
  3471 | D:5      | Noticed a water elemental
  3471 | D:5      | Noticed an air elemental
  3477 | D:5      | 3477 ||| READING scroll of teleportation.
  3487 | D:5      | 3487 ||| Stepping randomly (disturbance).
  3488 | D:5      | HP: 7/40 [something/magic dart (4)]
  3493 | D:5      | Reached skill level 11 in Ranged Weapons
  3800 | D:5      | 3800 ||| FLEEEEING.
  3801 | D:5      | 3801 ||| FLEEEEING.
  3802 | D:5      | 3802 ||| FLEEEEING.
  3806 | D:5      | 3806 ||| FLEEEEING.
  3807 | D:5      | 3807 ||| FLEEEEING.
  3808 | D:5      | 3808 ||| FLEEEEING.
  3809 | D:5      | 3809 ||| FLEEEEING.
  3810 | D:5      | 3810 ||| FLEEEEING.
  3811 | D:5      | 3811 ||| FLEEEEING.
  3812 | D:5      | 3812 ||| FLEEEEING.
  3813 | D:5      | 3813 ||| FLEEEEING.
  3954 | D:5      | 3954 ||| SWAPPING to +0 orcbow.
  3958 | D:5      | 3958 ||| DROPPING +0 shortbow.
  4221 | D:5      | Reached skill level 12 in Ranged Weapons
  4227 | D:5      | HP: 8/40 [iguana (13)]
  4228 | D:5      | Slain by an iguana

Levels and vault maps discovered:
D:1:      elethiomel_arrival_infinity_welcomes_careful_drivers, layout_basic,
          item_on_display_a
D:2:      layout_rooms, serial_shops, shop, nicolae_shop_just_a_little_nook,
          shop, nicolae_shop_window_shopping
D:3:      layout_loops_cross
D:4:      layout_basic, minitemple, uniq_natasha
D:5:      layout_basic, nicolae_qazlal_style_of_elements, minmay_joined_circles

Skill      XL: |  1  2  3  4  5  6  7 |
---------------+----------------------+-----
Ranged Weapons | 6 7 8 9 10 12 | 12.0
Dodging        | 3 4 |  4.2
Fighting       | 2 |  2.5
Stealth        | |  1.2

Action                     |  1- 3 |  4- 6 |  7- 9 || total
---------------------------+-------+-------+-------++-------
   Fire: Shortbow          |   132 |   220 |    92 ||   444
         Orcbow            |       |       |    34 ||    34
    Use: Scroll            |     4 |     8 |     2 ||    14
         Potion            |     1 |     1 |       ||     2
 Armour: Leather armour    |    18 |    82 |    40 ||   140
         Ring mail         |    34 |       |       ||    34
  Dodge: Dodged            |    50 |    82 |    42 ||   174
  Block: Other             |     1 |    21 |    14 ||    36
         Reflection        |       |     1 |     1 ||     2

Table legend:
 A = Non-vault XP
 B = Vault XP
 C = Vault XP percentage of total XP
 D = Non-vault monster count
 E = Vault monster count
 F = Vault count percentage of total count
                 A         B        C        D         E       F
            +---------+---------+-------+---------+---------+-------
      Total |    1335 |      82 |   5.8 |     109 |       3 |   2.7
            +---------+---------+-------+---------+---------+-------
        D:1 |      32 |       0 |   0.0 |      19 |       0 |   0.0
        D:2 |      40 |       0 |   0.0 |      16 |       0 |   0.0
        D:3 |      60 |       0 |   0.0 |      26 |       0 |   0.0
        D:4 |     474 |      35 |   6.9 |      24 |       1 |   4.0
        D:5 |     729 |      47 |   6.1 |      24 |       2 |   7.7
            +---------+---------+-------+---------+---------+-------
